AoeStats
← sethaniel97

Arabia

510177577Analyzed
3v3 RM · 2d ago on Sep 29, 2026· 48m 19s· 6 players
Game mode
Random Map
Map size
Normal (6 player)
Population
200
Speed
Normal
Resources
Standard
Victory
Conquest
Starting age
Dark Age
Ending age
Imperial Age
RankedLock teamsTeams togetherTeam positionsShared explorationLock speedFull tech treeHidden civsTurbo modeCheats
Victory
Defeat
🇷🇺 Turks · Russia
868
+13
🇫🇷 Khmer · France
722
+19
🇵🇱 Japanese · Poland
694
+19
🇬🇧 Saxons · United Kingdom
839
-19
🇬🇧 Danes · United Kingdom
777
-20
🇬🇧 Varangians · United Kingdom
731
-17
sethaniel97
11:09 Feudal Age
11:16 Loom
12:13 Double-Bit Axe
16:28 Wheelbarrow
15:41 Horse Collar
19:14 Castle Age
18:08 Gold Mining
18:35 Stone Mining
21:25 Squires
20:46 Man-at-Arms
21:29 Scale Mail Armor
22:00 Bow Saw
23:04 Fletching
22:39 Long Swordsman
25:08 Bodkin Arrow
26:33 Padded Archer Armor
27:24 Husbandry
29:07 Hand Cart
28:57 Treadmill Crane
29:39 Ballistics
30:12 Bloodlines
30:22 Leather Archer Armor
31:54 Forging
32:43 Masonry
33:12 Thumb Ring
34:55 Gold Shaft Mining
35:12 Fortified Wall
38:01 Imperial Age
36:22 Chain Mail Armor
36:44 Heavy Plow
37:10 Town Watch
38:09 Iron Casting
37:48 Caravan
39:20 Conscription
39:33 Plate Mail Armor
39:05 Bracer
39:37 Ring Archer Armor
41:30 Chemistry
40:04 Cranequins
41:34 Elite Skirmisher
42:57 Heavy Mounted Crossbowman
44:41 Crop Rotation
44:41 Shield Wall
45:24 Pikeman
46:02 Halberdier
46:21 Elite Hearth Troop
samstanding1
3:01 Loom
3:33 Loom
13:19 Feudal Age
14:39 Double-Bit Axe
14:39 Horse Collar
19:22 Gold Mining
28:39 Castle Age
27:10 Bloodlines
29:32 Husbandry
35:13 Heavy Plow
35:27 Bow Saw
35:12 Stone Mining
36:00 Scale Barding Armor
44:45 Pikeman
49:27 Imperial Age
BiscuitBoy
9:20 Loom
11:09 Feudal Age
15:27 Double-Bit Axe
18:36 Fletching
18:48 Padded Archer Armor
23:17 Wheelbarrow
27:27 Horse Collar
27:39 Stone Mining
27:41 Gold Mining
28:11 Town Watch
31:28 Castle Age
29:41 Scale Mail Armor
29:52 Forging
32:48 Bloodlines
32:39 Husbandry
32:40 Bodkin Arrow
33:01 Leather Archer Armor
34:33 Chain Mail Armor
37:38 Bow Saw
37:29 Heavy Plow
38:08 Iron Casting
38:19 Gambesons
38:36 Squires
38:24 Arson
41:23 Gold Shaft Mining
40:39 Stone Mining
45:24 Imperial Age
46:56 Bracer
47:26 Ring Archer Armor
plume300
2:42 Loom
12:02 Feudal Age
12:23 Horse Collar
12:33 Double-Bit Axe
13:12 Gold Mining
14:05 Stone Mining
19:29 Bloodlines
22:49 Castle Age
22:58 Forging
22:54 Scale Barding Armor
23:58 Heavy Plow
24:11 Bow Saw
25:25 Gold Shaft Mining
25:27 Stone Shaft Mining
27:06 Wheelbarrow
33:39 Imperial Age
32:35 Husbandry
33:11 Chain Barding Armor
33:27 Iron Casting
33:54 Fortified Wall
34:09 Ballistics
34:58 Conscription
35:10 Hand Cart
36:22 Chemistry
38:30 Double Crossbow
39:15 Heated Shot
41:55 Blast Furnace
43:18 Elite Ballista Elephant
45:08 Hoardings
46:50 Crop Rotation
Donald Kieł
12:44 Loom
15:16 Feudal Age
15:41 Horse Collar
15:53 Double-Bit Axe
15:57 Man-at-Arms
17:31 Arson
19:33 Forging
19:59 Scale Mail Armor
20:38 Wheelbarrow
26:46 Castle Age
25:04 Gold Mining
26:07 Bloodlines
27:04 Long Swordsman
27:32 Gambesons
27:51 Squires
29:08 Heavy Plow
28:43 Light Cavalry
30:23 Iron Casting
32:50 Hand Cart
35:07 Bow Saw
35:38 Gold Shaft Mining
35:18 Husbandry
37:31 Chain Mail Armor
38:05 Stone Mining
42:00 Imperial Age
43:14 Elite Samurai
44:17 Conscription
45:06 Blast Furnace
44:37 Plate Mail Armor
45:08 Pikeman
Aleksjar
11:22 Feudal Age
12:12 Double-Bit Axe
12:09 Horse Collar
14:50 Loom
18:02 Castle Age
18:53 Heavy Plow
20:30 Bow Saw
23:20 Wheelbarrow
23:26 Gold Mining
24:32 Hand Cart
30:31 Imperial Age
29:46 Caravan
30:33 Padded Archer Armor
30:40 Elite Janissary
32:15 Artillery
33:19 Ballistics
33:26 Town Watch
34:18 Gold Shaft Mining
33:58 Stone Mining
35:31 Two-Man Saw
35:18 Leather Archer Armor
36:11 Town Patrol
39:31 Ring Archer Armor
Connection lost

Rejoining the realm…

Still unreachable

The connection could not be restored.

Session expired

The server has moved on; the page needs a fresh start.